Map: Shrines of Lizul

Players

Miggy - Winner!

  • Race: Terran Terran
  • Spawn Location: 3:00

ILIEKEGGPIE - Winner!

  • Race: Protoss Protoss
  • League: Platinum
  • Spawn Location: 12:00

Diktator

  • Race: Protoss Protoss
  • Spawn Location: 6:00

Albion

  • Race: Protoss Protoss
  • Spawn Location: 9:00

VOD

Have the link to the VOD?

Description

Time

  • Played on: June 10, 2018, 2:48 p.m.
  • Length: 9:09
Show
View Real Time Build Order
Export as new Build Order

Miggy Terran - Winner!

Build Orders:  

Get SALT Encoding   

  12  0:02  SCV  
  13  0:14  SCV  
  14  0:26  Supply Depot, SCV  
  15  0:47  SCV  
  16  0:50  Barracks  
  16  0:51  Barracks  
  16  0:58  Refinery  
  16  1:01  SCV  
  17  1:13  SCV  
  18  1:21  Refinery  
  18  1:25  SCV  
  19  1:37  SCV  
  20  1:45  Reaper  
  21  1:53  Reaper  
  22  1:56  SCV  
  23  2:03  Supply Depot  
  23  2:24  Reaper  
  23  2:25  Reaper  
  25  2:34  Command Center  
  25  2:42  SCV  
  26  2:49  Factory  
  26  2:57  Reaper x2  
  28  3:08  SCV  
  25  4:00  SCV  
  26  4:04  Starport  
  26  4:07  Starport  
  24  4:12  SCV  
  24  4:15  Reaper x2  
  27  4:19  Factory Tech Lab  
  27  4:21  Refinery  
  27  4:24  SCV  
  28  4:36  SCV  
  29  4:41  Supply Depot  
  29  4:42  Viking  
  29  4:45  Starport Tech Lab, Supply Depot  
  31  4:48  SCV x2  
  33  5:00  Refinery, SCV x2  
  35  5:13  SCV  
  36  5:32  Viking x2  
  36  5:34  SCV  
  36  5:35  SCV  
  41  5:40  Siege Tank  
  43  5:47  SCV  
  44  5:50  Starport  
  44  5:59  SCV  
  44  6:02  Viking  
  47  6:07  Viking  
  49  6:11  SCV  
  49  6:17  SCV  
  51  6:23  SCV  
  52  6:28  Fusion Core  
  52  6:29  Viking  
  54  6:33  SCV  
  55  6:42  Viking x2  
  55  6:45  SCV  
  60  6:47  Supply Depot  
  60  6:49  SCV  
  61  6:57  SCV  
  61  7:00  Supply Depot  
  62  7:09  Siege Tank  
  65  7:16  Viking  
  67  7:23  Supply Depot  
  64  7:49  Viking x2  
  66  8:15  Viking  
  66  8:16  SCV  
  66  8:17  Siege Tank  
  66  8:19  Viking x2  
  72  8:37  Command Center  
Show
View Real Time Build Order
Export as new Build Order

ILIEKEGGPIE Protoss - Winner!

Build Orders:  

Get SALT Encoding   

  12  0:01  Probe  
  13  0:13  Probe  
  14  0:19  Pylon  
  14  0:25  Probe  
  15  0:33  Probe  
  15  0:41  Gateway  
  16  0:42  Probe  
  17  0:52  Assimilator  
  17  0:59  Probe  
  18  1:11  Probe  
  19  1:19  Gateway  
  19  1:20  Probe  
  20  1:28  Probe  
  20  1:31  Cybernetics Core  
  21  1:37  Probe, Pylon  
  21  1:39  Assimilator  
  22  1:55  Probe  
  23  2:05  Stalker  
  23  2:08  Warp Gate  
  23  2:12  Probe  
  26  2:25  Stalker  
  28  2:41  Robotics Facility  
  28  3:00  Pylon  
  28  3:10  Gateway  
  28  3:12  Stalker, Pylon  
  30  3:19  Immortal  
  30  3:21  Stalker  
  36  3:36  Gateway  
  34  4:12  Stalker x3  
  34  4:14  Observer  
  41  4:32  Pylon  
  41  4:35  Stalker x3  
  47  4:42  Pylon  
  47  5:03  Stalker x2  
  47  5:04  Stalker x2  
  37  5:38  Stalker x3  
  37  5:39  Stalker  
  35  5:47  Gateway, Immortal  
  34  6:16  Stalker  
  34  6:17  Zealot x2  
  40  6:43  Nexus  
  40  6:45  Pylon  
  40  6:48  Pylon  
  40  6:52  Forge  
  40  7:00  Sentry x2  
  44  7:01  Stalker  
  44  7:48  Warp Prism  
  44  8:38  Stalker  
  44  8:39  Stalker x2  
Show
View Real Time Build Order
Export as new Build Order

Diktator Protoss 

Build Orders: Oracle Opening 

Get SALT Encoding   

  12  0:07  Probe  
  13  0:19  Probe  
  14  0:29  Pylon  
  14  0:32  Probe  
  15  0:47  Probe  
  16  0:57  Gateway  
  16  0:58  Probe  
  17  1:07  Probe  
  17  1:08  Assimilator  
  18  1:12  Assimilator  
  18  1:15  Probe  
  18  1:16  Pylon  
  18  1:23  Probe  
  19  1:31  Probe  
  21  1:43  Probe  
  22  1:49  Cybernetics Core  
  22  2:02  Probe  
  23  2:14  Probe  
  24  2:31  Nexus  
  24  2:41  Forge  
  24  2:42  Stargate  
  24  2:46  Pylon  
  24  2:48  Zealot, Shield Battery  
  26  2:58  Probe  
  26  3:19  Stalker  
  24  3:23  Photon Cannon  
  21  3:35  Oracle  
  24  4:10  Probe  
  25  4:19  Probe  
  26  4:28  Probe  
  27  4:40  Probe  
  27  4:44  Void Ray  
  28  4:52  Probe  
  33  5:04  Probe  
  29  5:16  Probe  
  29  5:18  Assimilator  
  29  5:20  Assimilator  
  29  5:22  Void Ray  
  24  5:28  Probe  
  27  5:41  Probe  
  28  5:53  Probe  
  29  6:01  Probe  
  30  6:05  Probe  
  30  6:08  Pylon  
  30  6:09  Probe  
  31  6:18  Probe  
  32  6:19  Probe  
  32  6:21  Photon Cannon  
  34  6:26  Oracle  
  34  6:27  Probe  
  38  6:37  Probe  
  38  6:38  Photon Cannon  
  38  6:39  Stargate  
  39  6:41  Pylon  
  39  6:49  Shield Battery, Probe  
  40  6:57  Pylon  
  40  7:01  Probe  
  41  7:13  Probe, Nexus  
  42  7:18  Void Ray  
  42  7:22  Probe  
  47  7:30  Probe  
  48  7:39  Probe  
  38  7:54  Photon Cannon  
  42  7:59  Probe  
  42  8:00  Photon Cannon  
  42  8:05  Probe  
  43  8:06  Photon Cannon  
  24  8:51  Probe  
  24  8:52  Probe  
  24  8:54  Probe  
Show
View Real Time Build Order
Export as new Build Order

Albion Protoss 

Build Orders:  

Get SALT Encoding   

  12  0:01  Probe  
  13  0:13  Pylon  
  13  0:18  Probe  
  14  0:34  Gateway  
  14  0:35  Probe  
  15  0:44  Probe  
  16  0:52  Probe  
  16  0:54  Assimilator  
  17  1:01  Probe  
  18  1:10  Probe  
  18  1:18  Probe  
  19  1:23  Cybernetics Core  
  20  1:25  Pylon  
  20  1:28  Probe  
  21  1:32  Assimilator  
  21  1:40  Probe  
  22  1:49  Pylon  
  22  1:59  Warp Gate  
  22  2:01  Stalker  
  24  2:12  Gateway  
  24  2:13  Gateway  
  24  2:16  Pylon  
  24  2:32  Stalker  
  26  2:46  Robotics Facility  
  26  2:50  Twilight Council  
  26  3:01  Stalker  
  28  3:06  Stalker  
  30  3:22  Stalker  
  32  3:31  Stalker  
  30  4:16  Immortal  
  34  4:19  Blink  
  34  4:22  Stalker  
  36  4:57  Stalker x3  
  34  5:59  Dark Shrine  
  34  6:02  Robotics Facility  
  34  6:09  Stalker x2  
  34  6:10  Stalker  
  40  6:23  Nexus  
  40  6:25  Pylon  
  40  6:27  Pylon  
  40  6:31  Assimilator  
  40  6:33  Assimilator  
  40  6:42  Stalker x2  
  44  6:51  Gateway, Observer  
  44  6:52  Pylon  
  45  7:12  Dark Templar  
  47  7:19  Dark Templar  
  49  7:25  Probe  
  46  7:37  Probe  
  38  7:49  Probe  
  28  8:01  Probe  
  28  8:03  Dark Templar  
  28  8:04  Observer  
  29  8:19  Dark Templar  
  31  8:25  Zealot  
Tags
 
Add a new tag
Caveats
  • Supply blocks, unpowered buildings, or Contaminate may cause inaccurate times.
  • Supply counts are checked every 10 seconds.